 Dungeon Crawl Stone Soup version 0.29-a0-1023-g6ae1a4a2c7 (webtiles) character file.

Game seed: 17896554044668084032

427 27heaven the Spear-Bearer (level 6, -26/46 HPs)
             Began as a Merfolk Gladiator on Aug 11, 2022.
             Was a Believer of Okawaru.
             Annihilated by an ogre
             ... wielding a +0 giant spiked club
              (34 damage)
             ... on level 4 of the Dungeon.
             The game lasted 00:06:02 (3778 turns).

27heaven the Spear-Bearer (Merfolk Gladiator)       Turns: 3778, Time: 00:06:02

Health: -26/46     AC:  4    Str: 16    XL:     6   Next: 97%
Magic:  7/7        EV: 13    Int:  8    God:    Okawaru [**....]
Gold:   138        SH:  0    Dex: 15    Spells: 5/5 levels left

rFire   . . .      SeeInvis +   q - +0 scythe
rCold   . . .      Faith    .   (shield currently unavailable)
rNeg    . . .      Spirit   .   b - +0 leather armour
rPois   .          Reflect  .   c - +0 helmet
rElec   .          Harm     .   (no cloak)
rCorr   .          Rampage  .   (no gloves)
Will    .....                   (no boots)
Stlth   +.........              (no amulet)
HPRegen 0.15/turn               k - ring of see invisible
MPRegen 0.10/turn               (no ring)

@: no status effects
A: (nimble swimmer 2), mertail
a: Renounce Religion, Heroism


You were on level 4 of the Dungeon.
You worshipped Okawaru.
Okawaru was pleased with you.
You visited 1 branch of the dungeon, and saw 4 of its levels.

You collected 158 gold pieces.
You spent 20 gold pieces at shops.

Inventory:

Hand Weapons
 a - a +0 trident
 q - a +0 scythe (weapon)
Missiles
 d - 3 throwing nets (quivered)
 e - a javelin
Armour
 b - a +0 leather armour (worn)
 c - a +0 helmet (worn)
Jewellery
 k - a ring of see invisible (left hand)
Wands
 g - a wand of flame (27)
Scrolls
 f - 3 scrolls of teleportation
 i - a scroll of noise {unknown}
 j - a scroll of poison {unknown}
 l - a scroll of fear {unknown}
 m - 3 scrolls of brand weapon {unknown}
 n - a scroll of enchant weapon {unknown}
 p - a scroll of amnesia {unknown}
 u - a scroll of immolation {unknown}
 v - a scroll of blinking {unknown}
 x - a scroll of magic mapping {unknown}
Potions
 h - a potion of ambrosia
 o - 2 potions of heal wounds {unknown}
 r - 2 potions of curing
 s - a potion of resistance {unknown}
 t - a potion of mutation {unknown}
 w - a potion of degeneration {unknown}


   Skills:
 + Level 2.4 Fighting
 + Level 9.3 Polearms
 - Level 2.0 Throwing
 - Level 4.0 Dodging
 + Level 2.4 Invocations


You had 5 spell levels left.
You didn't know any spells.
Your spell library contained the following spells:

 Spells                   Type           Power      Damage    Failure   Level
 Ensorcelled Hibernation  Hex/Ice        0%         N/A       63%         2
 Passwall                 Tmut/Erth      0%         N/A       63%         2
 Swiftness                Air            0%         N/A       85%         3


Dungeon Overview and Level Annotations

Branches:
Dungeon (4/15)
 Temple: D:4-7

Altars:
Okawaru
Uskayaw

Shops:
D:3 *


Innate Abilities, Weirdness & Mutations

((You are very nimble when in or above water. (Stealth+, EV+, Speed+++)))
Your lower body shifts to a powerful aquatic tail in water.


Message History

The orc closely misses you.
You puncture the orc!
You kill the orc!
Okawaru accepts your kill. The endoplasm freezes you.
You are frozen.
You hit the quokka.
The quokka is severely wounded.
The quokka bites you.
The endoplasm hits you but does no damage.
You slash the quokka!
You kill the quokka!
Okawaru accepts your kill. The endoplasm freezes you.
You are frozen.
You hit the endoplasm.
You kill the endoplasm!
Okawaru accepts your kill.
No target in view!
No target in view!
You now have 131 gold pieces (gained 19).
Found 7 gold pieces.
f - 3 scrolls of teleportation (gained 1)
You now have 138 gold pieces (gained 7).
No target in view!
u - a scroll labelled ZUALOE EREORA An ogre comes into view.
It is wielding a +0 giant spiked club.
Found a sedimented red potion.
Found a stone staircase leading up.
The ogre shouts!
You reach to attack!
You hit the ogre.
The ogre is lightly wounded.
You hit the ogre but do no damage.
The ogre is lightly wounded.
The ogre hits you with a +0 giant spiked club!!
Ouch! That really hurt!
* * * LOW HITPOINT WARNING * * *
The ogre attacks as you move away!
The ogre hits you with a +0 giant spiked club!!
Ouch! That really hurt!
You die...

#.....#..#...#
#.#
##...##.###...#
#<#
#...#..#!#...#
#.#
##.##.##.##..#
#.# #.#..#...#..#
#.# ###.##...##.#
#.# . #..#.....#
#.#
....#..#O....#..
#.#
#......@.......
#.#
#....##.....##...
###.............
##<##.....#### #
##...## #..##
#..# ....


You could see an ogre.

Vanquished Creatures
  Sigmund (D:2)
  An orc priest (D:3)
  Terence (D:2)
  Jessica (D:2)
  3 orc wizards (D:3)
  4 adders
  A worm (D:2)
  10 orcs
  8 ball pythons
  6 bats
  5 endoplasms
  5 giant cockroaches
  2 hobgoblins
  3 jackals (D:1)
  3 quokkas
  A frilled lizard (D:1)
  8 goblins
  6 kobolds
  6 rats
75 creatures vanquished.

Vanquished Creatures (others)
  A plant (D:1)
1 creature vanquished.

Grand Total: 76 creatures vanquished

Notes
Turn   | Place    | Note
-------+----------+-------------------------------------------
     0 | D:1      | 27heaven the Merfolk Gladiator began the quest for the Orb.
     0 | D:1      | Reached XP level 1. HP: 16/16 MP: 1/1
   389 | D:1      | Reached XP level 2. HP: 16/22 MP: 2/2
   611 | D:1      | Reached skill level 5 in Polearms
  1071 | D:1      | Reached XP level 3. HP: 27/27 MP: 3/3
  1563 | D:2      | Reached skill level 6 in Polearms
  1597 | D:2      | Found a hide-covered altar of Uskayaw.
  1646 | D:2      | Found a faded altar of an unknown god.
  1656 | D:2      | Prayed at the altar of an unknown god.
  1656 | D:2      | Became a worshipper of Warmaster Okawaru
  1656 | D:2      | Reached * piety under Okawaru
  1670 | D:2      | Noticed Terence
  1687 | D:2      | HP: 1/27 [Terence/+0 mace (6)]
  1689 | D:2      | Killed Terence
  1690 | D:2      | Reached XP level 4. HP: 10/33 MP: 1/4
  2044 | D:2      | Noticed Sigmund
  2067 | D:2      | Killed Sigmund
  2067 | D:2      | Reached ** piety under Okawaru
  2068 | D:2      | Reached skill level 8 in Polearms
  2068 | D:2      | Reached XP level 5. HP: 8/38 MP: 3/5
  2068 | D:2      | Reached XP level 6. HP: 10/44 MP: 3/6
  2478 | D:2      | Noticed Jessica
  2485 | D:2      | Killed Jessica
  2606 | D:3      | Reached skill level 1 in Invocations
  2613 | D:3      | Reached skill level 9 in Polearms
  3099 | D:3      | Found Uhucsyzo's General Store.
  3108 | D:3      | Bought a scroll of identify for 20 gold pieces
  3778 | D:4      | Annihilated by an ogre

Illustrated notes

Levels and vault maps discovered:
D:1:      kennysheep_arrival_seaside, layout_basic, nicolae_figureground_sparkle
D:2:      layout_rooms, chequers_ecumenical_altar_twisty, basic_altar,
          uniq_sigmund, uniq_jessica, uniq_terence
D:3:      layout_basic, serial_shops, shop_statue, kennysheep_generic_room_4
D:4:      layout_loops_ring, general_overflow_altar,
          mainiacjoe_overflow_tiny_flanked, minmay_unequal

Skill      XL: |  1  2  3  4  5  6 |
---------------+-------------------+-----
Polearms       | 5 6 8 9 |  9.3
Invocations    | 2 |  2.4
Fighting       | |  2.4
Throwing       | |  2.0
Dodging        | |  4.0

Action                   |  1- 3 |  4- 6 || total
-------------------------+-------+-------++-------
Melee: Trident           |    99 |    36 ||   135
       Punch             |     2 |       ||     2
       Halberd           |       |    91 ||    91
       Tailslap          |       |     1 ||     1
Invok: Heroism           |     1 |     1 ||     2
  Use: Potion            |     2 |       ||     2
       Scroll            |       |     2 ||     2
 Stab: Sleeping          |     2 |     2 ||     4
Armor: Leather armour    |    33 |    27 ||    60
Dodge: Dodged            |    60 |    58 ||   118

Table legend: (Time is in decaauts)
 A = Elapsed time spent in this place.
 B = Non-inter-level travel time spent in this place.
 C = Inter-level travel time spent in this place.
 D = Time resting spent in this place.
 E = Time spent auto-exploring this place.
 F = Levels seen in this place.
 G = Mean time per level.
                   A        B        C        D        E       F      G
               +--------+--------+--------+--------+--------+-----+--------+
         Total |   3766 |   3645 |    121 |    293 |   2712 |   4 |  941.5 |
       Dungeon |   3766 |   3645 |    121 |    293 |   2712 |   4 |  941.5 |
               +--------+--------+--------+--------+--------+-----+--------+

Top non-repeatable levels by time:
     D:1: 1481 daAuts
     D:3: 1192 daAuts
     D:2: 1019 daAuts
     D:4: 74 daAuts
